 Dungeon Crawl Stone Soup version 0.25-a0-544-gee0576305d (webtiles) character file.

Game seed: 6964536974606811539, levelgen mode: deterministic

53 vurker the Gusty (level 3, 15/15 HPs)
             Began as a Felid Air Elementalist on Feb 20, 2020.
             Quit the game on level 3 of the Dungeon.
             The game lasted 00:03:15 (3044 turns).

vurker the Gusty (Felid Air Elementalist)           Turns: 3044, Time: 00:03:15

Health: 15/15      AC:  1    Str:  4    XL:     3   Next: 64%
Magic:  8/8        EV: 18    Int: 17    God:
Gold:   123        SH:  0    Dex: 16    Spells: 7/8 levels left
                                        Lives:  0   Deaths: 1

rFire    . . .     SeeInvis +   (weapon unavailable)
rCold    . . .     Gourm    .   (shield unavailable)
rNeg     . . .     Faith    .   (armour unavailable)
rPois    .         Spirit   .   (helmet unavailable)
rElec    .         Reflect  .   (cloak unavailable)
rCorr    .         Harm     .   (gloves unavailable)
MR       .....                  (boots unavailable)
Stlth    +++.......             (no amulet)
HPRegen  0.05/turn              (no ring)
MPRegen  0.11/turn              (no ring)

@: quick
A: very small, no armour, no weapons or thrown items, stealth, claws 1, fangs 3,
see invisible, carnivore, speed 1, shaggy fur 1, slow metabolism 1, sharp paws
a: no special abilities


You were on level 3 of the Dungeon.
You were not hungry.

You visited 1 branch of the dungeon, and saw 3 of its levels.

You collected 123 gold pieces.

Inventory:

Scrolls
 c - 2 scrolls of amnesia {unknown}
 d - 8 scrolls of remove curse {unknown}
 g - a scroll of random uselessness {unknown}
 i - a scroll of teleportation {unknown}
 j - a scroll of noise {unknown}
 k - a scroll of identify {unknown}
 l - 2 scrolls of fear {unknown}
 m - a scroll of magic mapping {unknown}
 n - a scroll of fog {unknown}
Potions
 a - 3 potions of stabbing {unknown}
 b - a potion of flight {unknown}
 f - 2 potions of curing {unknown}
 h - a potion of invisibility {unknown}
 o - 2 potions of might {unknown}
Comestibles
 e - 4 rations


   Skills:
 + Level 1.4 Fighting
 - Level 2.6 Dodging
 - Level 2.6 Stealth
 * Level 3.1 Spellcasting
 + Level 1.6 Conjurations
 * Level 3.6 Air Magic


You had 7 spell levels left.
You knew the following spells:

 Your Spells              Type           Power        Failure   Level  Hunger
a - Shock                 Conj/Air       ##..         6%          1    None

Your spell library contained the following spells:

 Spells                   Type           Power        Failure   Level  Hunger
 Swiftness                Chrm/Air       #.......     12%         2    ##.....
 Static Discharge         Conj/Air       ##......     19%         3    ###....
 Airstrike                Air            ###.......   36%         4    ####...
 Lightning Bolt           Conj/Air       ##........   86%         5    ######.


Dungeon Overview and Level Annotations

Branches:
Dungeon (3/15)

Altars:
Fedhas

Annotations:
D:3 Grinder


Innate Abilities, Weirdness & Mutations

You cannot wear armour.
You are incapable of wielding weapons or throwing items.
Your paws allow you to move quietly. (Stealth)
You have sharp claws.
You have razor-sharp teeth.
You have supernaturally acute eyesight. (SInv)
You are carnivorous and can eat meat at any time.
You cover ground quickly.
You are covered in fur. (AC +1)
You have a slow metabolism.
Your sharp claws are effective at attacking unaware monsters.


Message History

You start resting.
Eating one of 6 chunks of flesh.
You eat one of the 6 chunks of flesh.
This raw flesh tastes great.
All of the chunks of flesh in your inventory have rotted away.
You climb downwards.
Level annotation: Grinder Grinder grins, showing sharp teeth.
Grinder blinks!
There is a stone staircase leading up here.
Things that are here:
a +0 ring mail; a +0 falchion You start waiting.
Grinder is too close now for your liking.
The zap hits Grinder. x2
You miscast Shock.
You are very lightly contaminated with residual magic.
Your skin tingles.
The zap hits Grinder. x2; Grinder completely misses you.
You miscast Shock.
Your skin glows momentarily.
Grinder hits you.
The zap misses Grinder.
The zap hits Grinder.
Grinder barely misses you.
The zap hits Grinder. x2; Grinder closely misses you.
The zap misses Grinder.
The zap hits Grinder.
Grinder hits you.
You writhe in agony.
* * * LOW HITPOINT WARNING * * *
The zap hits Grinder.
The zap misses Grinder.
Grinder barely misses you.
The zap hits Grinder. x2; Grinder hits you.
* * * LOW HITPOINT WARNING * * *
You writhe in agony.
* * * LOW HITPOINT WARNING * * *
The zap hits Grinder.
The zap misses Grinder.
Grinder misses you.
You don't have enough magic to cast that spell.
Unknown command.
You scratch Grinder but do no damage. Grinder barely misses you.
You barely miss Grinder. Grinder completely misses you.
You scratch Grinder but do no damage. Grinder misses you.
You closely miss Grinder. Grinder misses you.
You completely miss Grinder. Grinder hits you but does no damage.
You scratch Grinder but do no damage.
Grinder blinks!
You scratch Grinder. Grinder hits you.
You die...
You writhe in agony.
You are now level 3!
You rejoin the land of the living...
Found a blossoming altar of Fedhas.
You don't know that spell.
You don't know that spell.
Okay, then.
Unknown command.
You can't grasp things well enough to throw them.
Unknown command.

♣♣♣♣♣..
♣♣♣.......
♣.@.♣
♣._.♣♣
♣.♣♣♣ ♣♣


There were no monsters in sight!

Vanquished Creatures
  Terence (D:3)
  Natasha (D:3)
  An adder (D:2)
  3 dart slugs
  A leopard gecko (D:1)
  5 orcs (D:3)
  A giant cockroach (D:2)
  8 goblins
  4 hobgoblins
  4 bats (D:1)
  3 frilled lizards (D:1)
  5 kobolds (D:1)
  6 rats
43 creatures vanquished.

Notes
Turn   | Place    | Note
-------+----------+-------------------------------------------
     0 | D:1      | vurker the Felid Air Elementalist began the quest for the
                  | Orb.
     0 | D:1      | Reached XP level 1. HP: 7/7 MP: 4/4
   142 | D:1      | Reached skill level 1 in Conjurations
   286 | D:1      | Reached XP level 2. HP: 3/12 MP: 1/6
  1160 | D:1      | Reached XP level 3. HP: 15/15 MP: 4/7
  1530 | D:2      | Reached skill level 1 in Fighting
  2197 | D:3      | Noticed Terence
  2209 | D:3      | Killed Terence
  2209 | D:3      | Reached XP level 4. HP: 19/19 MP: 0/9
  2328 | D:3      | Noticed Natasha
  2336 | D:3      | Killed Natasha
  2630 | D:3      | Noticed Grinder
  3043 | D:3      | Slain by Grinder
  3044 | D:3      | Reached XP level 3. HP: 0/15 MP: 0/8
  3044 | D:3      | Found a blossoming altar of Fedhas.
  3044 | D:3      | Quit the game

Levels and vault maps discovered:
D:1:      minmay_arrival_shattered_statue, layout_loops_ring
D:2:      layout_basic, first_ration, minmay_curled_crystal,
          palyth_stone_intersect
D:3:      layout_loops_ring, grunt_temple_overflow_lords_of_destruction,
          fedhas_altar_4, uniq_natasha, uniq_ijyb, uniq_grinder, uniq_terence

Skill      XL: |  1  2  3  4 |
---------------+-------------+-----
Conjurations   | 1 |  1.6
Air Magic      | 3 |  3.6
Fighting       | 1 |  1.4
Spellcasting   | 3 |  3.1
Dodging        | |  2.6
Stealth        | |  2.6

Action                   |  1- 3 |  4- 6 || total
-------------------------+-------+-------++-------
Melee: Unarmed           |     7 |     9 ||    16
 Cast: Shock             |    78 |    30 ||   108
  Eat: Chunk             |    10 |     2 ||    12
Armor: Skin              |       |     2 ||     2
Dodge: Dodged            |    18 |    13 ||    31

Table legend:
 A = Non-vault XP
 B = Vault XP
 C = Vault XP percentage of total XP
 D = Non-vault monster count
 E = Vault monster count
 F = Vault count percentage of total count
                 A         B        C        D         E       F
            +---------+---------+-------+---------+---------+-------
      Total |      90 |      71 |  44.1 |      41 |       2 |   4.7
            +---------+---------+-------+---------+---------+-------
        D:1 |      45 |       0 |   0.0 |      25 |       0 |   0.0
        D:2 |      28 |       0 |   0.0 |       9 |       0 |   0.0
        D:3 |      17 |      71 |  80.7 |       7 |       2 |  22.2
            +---------+---------+-------+---------+---------+-------
